 Dungeon Crawl Stone Soup version 0.28.0-53-g5a82cb258f (webtiles) character file.

Game seed: 6670715677422026596

494 LynnLen the Sneak (level 6, -2/37 HPs)
             Began as a Vampire Enchanter on Aug 16, 2022.
             Slain by Crazy Yiuf
             ... wielding a +4 quarterstaff of chaos
              (20 damage)
             ... on level 4 of the Dungeon.
             The game lasted 00:09:29 (4328 turns).

LynnLen the Sneak (Vampire Enchanter)               Turns: 4328, Time: 00:09:29

Health: -2/37      AC:  4    Str:  7    XL:     6   Next: 92%
Magic:  6/9        EV: 11    Int: 18    God:
Gold:   189        SH:  3    Dex: 16    Spells: 6/9 levels left

rFire   . . .      SeeInvis +   a - +1 dagger
rCold   + + .      Faith    .   r - +0 buckler
rNeg    + + +      Spirit   .   n - +0 leather armour
rPois   ∞          Reflect  .   (no helmet)
rElec   .          Harm     .   (no cloak)
rCorr   .          Rampage  .   (no gloves)
Will    .....                   b - +0 pair of boots
Stlth   ++++++....              (no amulet)
HPRegen 0.00/turn               (no ring)
MPRegen 0.11/turn               (no ring)

@: confusing by touch, bloodless, inhibited regen
A: bloodless, fangs 3, see invisible, vampiric 2
a: Bat Form, Revivify


You were on level 4 of the Dungeon.
You visited 1 branch of the dungeon, and saw 4 of its levels.

You collected 189 gold pieces.

Inventory:

Hand Weapons
 a - a +1 dagger (weapon)
 m - a +0 dagger of venom
Missiles
 d - 129 stones
 e - 5 poisoned darts
 o - 40 sling bullets
 p - 2 silver boomerangs
Armour
 b - a +0 pair of boots (worn)
 n - a +0 leather armour (worn)
 r - a +0 buckler (worn)
Wands
 f - a wand of iceblast (9)
Scrolls
 g - 2 scrolls of teleportation
 i - a scroll of amnesia {unknown}
 k - a scroll of torment {unknown}
 l - a scroll of summoning {unknown}
 q - a scroll of noise {unknown}
Potions
 c - a potion of invisibility
 h - a potion of lignification
 j - a potion of curing {unknown}


   Skills:
 + Level 3.5 Fighting
 + Level 4.6 Short Blades
 - Level 2.1 Dodging
 + Level 7.9 Stealth
 - Level 2.0 Spellcasting
 - Level 4.4 Hexes


You had 6 spell levels left.
You knew the following spells:

 Your Spells              Type           Power      Damage    Failure   Level
a - Confusing Touch       Hex            17%        N/A       19%         3

Your spell library contained the following spells:

 Spells                   Type           Power      Damage    Failure   Level
 Tukima's Dance           Hex            17%        N/A       19%         3
 Ensorcelled Hibernation  Hex/Ice        18%        N/A       22%         2
 Dazzling Flash           Conj/Hex       18%        N/A       41%         3
 Ignite Poison            Fire/Tmut/Pois 1%         N/A       73%         3
 Mephitic Cloud           Conj/Pois/Air  1%         N/A       73%         3
 Freezing Cloud           Conj/Ice/Air   0%         6-21      100%        5


Dungeon Overview and Level Annotations

Branches:
Dungeon (4/15)
 Temple: D:4-7

Altars:

Annotations:
D:4 Crazy Yiuf


Innate Abilities, Weirdness & Mutations

You do not regenerate when monsters are visible.
You are frail without blood (-20% HP).
You can heal yourself when you bite living creatures.
You are immune to poison.
You have razor-sharp teeth.
You have supernaturally acute eyesight. (SInv)
You are afflicted with vampirism and can become a bat while bloodless.


Message History

You hit the giant cockroach but do no damage.
The giant cockroach is almost dead.
The giant cockroach misses you.
You hit the giant cockroach.
You kill the giant cockroach!
The hobgoblin completely misses you. The hobgoblin barely misses you.
You see here a giant cockroach corpse.
You barely miss the hobgoblin.
The hobgoblin is heavily wounded.
The hobgoblin barely misses you.
You hit the hobgoblin.
You kill the hobgoblin!
Found a ring mail.
You see here a +0 ring mail.
You hit the bush but do no damage.
There is a stone staircase leading down here.
You now have 185 gold pieces (gained 14).
You now have 189 gold pieces (gained 4).
Found a mace.
Found a runed translucent door.
Unknown command.
Press: ? - help, v - describe, . - travel
Here: Crazy Yiuf, wielding a +4 quarterstaff of chaos and wearing a +0 cloak (asleep, fire blocked by a runed translucent door)
The floor.
You open the door.
Crazy Yiuf shouts!
There is an open translucent door here.
Casting: Confusing Touch (quite dangerous; 19% risk of failure)
Press: ? - help, Q - select action, (/) - cycle Dir - look around, f - activate Your hands begin to glow red.
Crazy Yiuf says, "Papa snockshim stair!"
You barely miss Crazy Yiuf. You bite Crazy Yiuf.
You draw Crazy Yiuf's blood!
Crazy Yiuf is lightly wounded.
Crazy Yiuf hits you with a +4 quarterstaff of chaos!
You hit Crazy Yiuf but do no damage.
Crazy Yiuf is lightly wounded.
Crazy Yiuf hits you with a +4 quarterstaff of chaos!
You are electrocuted!!
Ouch! That really hurt!
You die...

.................###########
♣.##....#..................##
#######..#..##############..#
..........### ##.#
.#######..# #.# ..#### #..#
########.# #....# #### ####
###.#...##.# ###♣.♣
#...##..#.......# #.#
#..g@.####......# ♣.♣ #)..###
##..#.## # #.# #### ###### ##
♣.♣ .# #.# .##♣.♣ ..##.#
#.#♣.♣ #..#.#


You could see Crazy Yiuf.

Vanquished Creatures
  An ice beast (D:3)
  An ogre (D:4)
  A centaur zombie (D:4)
  An orc priest (D:4)
  A centaur skeleton (D:3)
  2 orc wizards (D:3)
  8 adders
  An adder skeleton (D:4)
  3 worms
  12 orcs
  5 ball pythons
  10 endoplasms
  5 giant cockroaches
  8 hobgoblins
  2 jackals (D:1)
  2 quokkas
  5 bats
  7 frilled lizards
  6 goblins
  7 kobolds
  4 rats
92 creatures vanquished.

Notes
Turn   | Place    | Note
-------+----------+-------------------------------------------
     0 | D:1      | LynnLen the Vampire Enchanter began the quest for the Orb.
     0 | D:1      | Reached XP level 1. HP: 13/13 MP: 3/3
   596 | D:1      | Reached XP level 2. HP: 20/20 MP: 5/5
   956 | D:2      | Reached skill level 1 in Fighting
   967 | D:2      | Reached skill level 5 in Stealth
  1088 | D:2      | Gained mutation: You are afflicted with vampirism and can
                  | become a bat while bloodless. [Vampire growth]
  1088 | D:2      | Reached XP level 3. HP: 20/20 MP: 6/6
  1092 | D:2      | Learned a level 3 spell: Confusing Touch
  1675 | D:2      | Reached XP level 4. HP: 26/26 MP: 7/7
  2169 | D:3      | Reached skill level 6 in Stealth
  2364 | D:3      | Reached XP level 5. HP: 26/30 MP: 4/8
  2762 | D:3      | Noticed an ice beast
  2788 | D:3      | Killed an ice beast
  2789 | D:3      | Reached XP level 6. HP: 9/36 MP: 6/9
  2806 | D:3      | Reached skill level 7 in Stealth
  4320 | D:4      | Found a runed translucent door.
  4321 | D:4      | Noticed Crazy Yiuf
  4328 | D:4      | Slain by Crazy Yiuf

Illustrated notes

Levels and vault maps discovered:
D:1:      dpeg_arrival_simpleton_a, layout_basic
D:2:      layout_basic, minmay_pentomino_z2
D:3:      minmay_chambers_of_twos, layout_basic
D:4:      old_forge, layout_rooms, serial_forest, infiniplex_forest_zigzag_1,
          infiniplex_forest_clump_cross, infiniplex_forest_corner_1,
          infiniplex_forest_straight_2, infiniplex_forest_straight_3,
          infiniplex_forest_lined_3, infiniplex_forest_straight_2,
          infiniplex_forest_zigzag_1, hex_intersection, uniq_grinder,
          uniq_crazy_yiuf_cottage

Skill      XL: |  1  2  3  4  5  6 |
---------------+-------------------+-----
Fighting       | 1 2 3 |  3.5
Short Blades   | 2 3 4 |  4.6
Stealth        | 5 6 7 |  7.9
Dodging        | |  2.1
Spellcasting   | |  2.0
Hexes          | |  4.4

Action                   |  1- 3 |  4- 6 || total
-------------------------+-------+-------++-------
Melee: Dagger            |    87 |   231 ||   318
       Bite              |     4 |    26 ||    30
       Punch             |       |     3 ||     3
Throw: Dart              |       |     6 ||     6
 Cast: Confusing Touch   |     1 |    18 ||    19
 Abil: Exsanguinate      |     1 |       ||     1
  Use: Scroll            |     2 |       ||     2
       Potion            |       |     1 ||     1
 Stab: Sleeping          |    21 |    20 ||    41
       Confused          |     1 |    10 ||    11
Armor: Robe              |     9 |     4 ||    13
       Leather armour    |       |    35 ||    35
Dodge: Dodged            |    38 |    95 ||   133
Block: Buckler           |       |     3 ||     3
